 Dungeon Crawl Stone Soup version 0.30.1-4-g462c640d31 (webtiles) character file.

Game seed: 15568811588897076471

44 Zeor the Slasher (level 3, 0/26 (29) HPs)
             Began as a Draconian Reaver on Sept 5, 2023.
             Succumbed to an adder's poison
             ... on level 2 of the Dungeon.
             The game lasted 00:03:40 (822 turns).

Zeor the Slasher (Draconian Reaver)                  Turns: 822, Time: 00:03:40

HP:   0/26 (29)     AC:  5    Str: 14    XL:     3   Next: 41%
MP:   5/6           EV: 12    Int: 13    God:
Gold: 52            SH:  0    Dex: 11    Spells: 3/6 levels left

rFire   . . .        a - +0 falchion
rCold   + . .        (no shield)
rNeg    . . .        (body armour unavailable)
rPois   .            (helmet restricted)
rElec   .            (no cloak)
rCorr   .            (no gloves)
SInv    .            (no boots)
Will    .....        (no amulet)
Stlth   +            d - ring of protection from cold
HPRegen 0.24/turn    (no ring)
MPRegen 0.10/turn

%: no passive effects
@: lethally poisoned (0 -> -2), heavily drained
A: AC +5, unfitting armour, cold-blooded
a: no special abilities


You were on level 2 of the Dungeon.
You visited 1 branch of the dungeon, and saw 2 of its levels.

You collected 52 gold pieces.

Inventory:

Hand Weapons
 a - a +0 falchion (weapon)
Jewellery
 d - a ring of protection from cold (left hand)
Scrolls
 b - a scroll of noise {unknown}
 c - 2 scrolls of identify {unknown}


   Skills:
 + Level 2.3 Fighting
 * Level 3.9 Long Blades
 + Level 2.1 Dodging
 * Level 2.1 Spellcasting
 * Level 3.2 Conjurations


You had 3 spell levels left.
You knew the following spells:

 Your Spells              Type           Power      Damage    Failure   Level
k - Kiss of Death         Conj/Necr      20%        2d7       13%         1
s - Momentum Strike       Conj/Tloc      10%        3d8       21%         2

Your spell library contained the following spells:

 Spells                   Type           Power      Damage    Failure   Level
 Beastly Appendage        Tmut           2%         N/A       26%         1
 Ensorcelled Hibernation  Hex/Ice        2%         N/A       36%         2
 Passwall                 Tmut/Erth      0%         N/A       36%         2
 Wereblood                Tmut           1%         N/A       36%         2
 Hailstorm                Conj/Ice       5%         3d4       36%         3
 Spider Form              Tmut/Pois      1%         N/A       58%         3
 Swiftness                Air            1%         N/A       58%         3


Dungeon Overview and Level Annotations

Branches:
Dungeon (2/15)

Altars:


Innate Abilities, Weirdness & Mutations

Your plain brown scales are hard. (AC +5)
You cannot fit into any form of body armour.
You are cold-blooded and may be slowed by cold attacks.


Message History

The adder poisons you!
You barely miss the adder.
The adder is heavily wounded.
You feel very sick. The adder bites you. The adder barely misses you.
You closely miss the adder.
The adder is heavily wounded.
You feel sick. The adder completely misses you.
You closely miss the adder.
Your tail-slap misses the adder.
The adder is heavily wounded.
You feel sick. The adder closely misses you.
The adder bites you but does no damage.
You hit the adder.
The adder is heavily wounded.
You feel sick. The adder completely misses you.
You hit the adder.
The adder is severely wounded.
You feel sick. The adder bites you. x2
* * * LOW HITPOINT WARNING * * *
You are more poisoned.
The adder poisons you!
You miss the adder.
The adder is severely wounded.
* * * LOW HITPOINT WARNING * * *
You feel sick. The adder misses you.
It was a potion of magic.
Magic courses through your body.
* * * LOW HITPOINT WARNING * * *
You feel sick. The adder bites you.
* * * LOW HITPOINT WARNING * * *
The adder closely misses you.
Cast which spell? (? or * to list)
Aiming: Kiss of Death (safe; 13% risk of failure)
Press: ? - help, Shift-Dir - straight line, f - adder
Aim: an adder (severely wounded, 100% to hit)
The negative energy hits the adder.
The adder is drained!
You kill the adder!
You feel drained.
* * * LOW HITPOINT WARNING * * *
You feel sick.
You die...

▒∙∙ ∙∙∙
∙∙∙▒ ▒∙▒
∙∙∙▒ ▒∙▒
∙∙∙▒ ▒∙▒
!∙∙ ▒<▒
▒▒∙∙ ▒∙▒
▒∙∙ ▒†▒
▒K▒ ▒∙▒
▒d▒
▒∙▒▒▒▒▒∙▒
▒∙∙∙∙∙∙∙▒
▒▒▒▒▒▒▒▒▒


You could see a kobold.

Vanquished Creatures
  An adder (D:2)
  2 dart slugs (D:1)
  2 ball pythons (D:1)
  A bat (D:1)
  3 endoplasms (D:1)
  A giant cockroach (D:1)
  2 goblins (D:1)
  3 hobgoblins (D:1)
  7 jackals
  A kobold (D:1)
  4 rats (D:1)
27 creatures vanquished.

Notes
Turn   | Place    | Note
-------+----------+-------------------------------------------
     0 | D:1      | Zeor the Draconian Reaver began the quest for the Orb.
     0 | D:1      | Reached XP level 1. HP: 17/17 MP: 3/3
   197 | D:1      | Reached XP level 2. HP: 21/24 MP: 5/5
   203 | D:1      | Learned a level 2 spell: Momentum Strike
   338 | D:1      | Found a faded altar of an unknown god.
   693 | D:1      | Reached XP level 3. HP: 29/29 MP: 6/6
   821 | D:2      | HP: 1/24 [poisoned by an adder]
   822 | D:2      | Succumbed to an adder's poison

Illustrated notes

Levels and vault maps discovered:
D:1:      minmay_arrival_wavy_path, layout_loops_cross, basic_ecumenical_altar
D:2:      layout_rooms, uniq_robin

Skill      XL: |  1 |
---------------+----+-----
Dodging        | 2 |  2.1
Fighting       | |  2.3
Long Blades    | |  3.9
Spellcasting   | |  2.1
Conjurations   | |  3.2

Action                     || total
---------------------------++-------
  Melee: Falchion          ||   101
         Tailslap          ||    11
   Cast: Kiss of Death     ||     1
    Use: Potion            ||     1
   Stab: Sleeping          ||     1
 Armour: Skin              ||    27
  Dodge: Dodged            ||    68
